 Dungeon Crawl Stone Soup version 0.24.0-123-gd5b16e6ec5 (webtiles) character file.

Game seed: 7810889338713252321, levelgen mode: deterministic

1084 Bergy the Basher (level 8, -1/46 HPs)
             Began as a Gargoyle Fighter on Dec 23, 2019.
             Was a Follower of Makhleb.
             Slain by an ogre
             ... wielding a +0 giant spiked club
              (7 damage)
             ... on level 6 of the Dungeon.
             The game lasted 00:15:19 (5570 turns).

Bergy the Basher (Gargoyle Fighter)                 Turns: 5570, Time: 00:15:19

Health: -1/46      AC: 15    Str: 21    XL:     8   Next: 30%
Magic:  17/17      EV:  7    Int: 10    God:    Makhleb [*.....]
Gold:   383        SH:  9    Dex:  9    Spells: 7/7 levels left

rFire    . . .     SeeInvis .   a - +0 flail
rCold    . . .     Gourm    .   c - +0 shield
rNeg     + . .     Faith    .   b - +0 scale mail
rPois    ∞         Spirit   .   (no helmet)
rElec    +         Reflect  .   n - scarf {cloud immunity}
rCorr    .         Harm     .   F - +2 pair of gloves
MR       .....                  (no boots)
Stlth    ..........             (no amulet)
HPRegen  0.15/turn              q - ring of magical power
MPRegen  0.15/turn              (no ring)

@: no status effects
A: negative energy resistance 1, electricity resistance, unbreathing,
petrification resistance, rot immunity, AC +5
a: Renounce Religion


You were on level 6 of the Dungeon.
You worshipped Makhleb.
Makhleb was aware of your devotion.
You were not hungry.

You visited 2 branches of the dungeon, and saw 7 of its levels.

You collected 383 gold pieces.

Inventory:

Hand Weapons
 a - a +0 flail (weapon)
Armour
 b - a +0 scale mail (worn)
 c - a +0 shield (worn)
 n - a scarf of cloud immunity (worn)
 F - a +2 pair of gloves (worn)
Jewellery
 q - a ring of magical power (left hand)
Wands
 x - a wand of iceblast (9)
 C - a wand of acid (6)
 D - a wand of random effects (16)
Scrolls
 g - 2 scrolls of amnesia {unknown}
 i - a scroll of fear {unknown}
 k - 3 scrolls of identify
 l - a scroll of random uselessness {unknown}
 r - a scroll of remove curse
 s - a scroll of immolation {unknown}
 u - 2 scrolls of magic mapping {unknown}
 v - a scroll of blinking {unknown}
 y - a scroll of enchant armour {unknown}
 z - a scroll of enchant weapon {unknown}
 E - a scroll of teleportation {unknown}
Potions
 d - a potion of might
 e - 3 potions of curing {unknown}
 h - 2 potions of lignification {unknown}
 j - a potion of magic {unknown}
 m - 2 potions of mutation {unknown}
 o - a potion of degeneration {unknown}
 p - 3 potions of agility {unknown}
 t - 3 potions of haste
 w - a potion of flight {unknown}
 A - a potion of berserk rage {unknown}
 B - a potion of cancellation {unknown}
Comestibles
 f - 13 rations


   Skills:
 - Level 3.2 Fighting
 * Level 9.7 Maces & Flails
 - Level 3.2 Armour
 - Level 3.2 Shields


You had 7 spell levels left.
You didn't know any spells.
Your spell library was empty.

Dungeon Overview and Level Annotations

Branches:
Dungeon (6/15)             Temple (1/1) D:4

Altars:
Ashenzari
Cheibriados
Dithmenos
Elyvilon
Fedhas
Gozag
Hepliaklqana
Kikubaaqudgha
Makhleb
Nemelex Xobeh
Okawaru
Qazlal
Ru
Sif Muna
Trog
Uskayaw
Vehumet
Wu Jian
Xom
Yredelemnul
Zin
The Shining One

Shops:
D:4 }   D:5 (


Innate Abilities, Weirdness & Mutations

You are resistant to torment.
Your stone body is resilient. (AC +5)
You are immune to poison.
You resist negative energy. (rN+)
You are resistant to electric shocks. (rElec)
You can survive without breathing.
You are immune to petrification.
You are immune to rotting.


Message History

The ogre hits you with a +0 giant spiked club!
There is a stone staircase leading up here.
You hit the ogre.
The ogre is lightly wounded.
You completely miss the ogre.
The ogre is lightly wounded.
The ogre hits you with a +0 giant spiked club!!
You thump the ogre!
The ogre is heavily wounded.
The ogre hits you with a +0 giant spiked club!
* * * LOW HITPOINT WARNING * * *
You hit the ogre but do no damage.
The ogre is heavily wounded.
The ogre barely misses you.
You hit the ogre.
The ogre is severely wounded.
You hit the ogre.
The ogre is severely wounded.
The ogre hits you with a +0 giant spiked club!
You die...

########## #........
###.##..###.#
###...........#
#####...####.####..
#...'...# ...
#.###...# ....#
####'#@O...#. ...O#
#....÷........$_.....
#..........#.......#..
#........#.#.......#..
#........#.# ....
#........+.# ##.#
#........#.. ..
############


You could see an ogre.

Vanquished Creatures
  Edmund (D:5)
  A centaur (D:5)
  A bullfrog (D:6)
  A water moccasin skeleton (D:4)
  2 scorpions
  2 centaur skeletons (D:4)
  A hound (D:2)
  An orc priest (D:4)
  Crazy Yiuf (D:2)
  2 bullfrog skeletons (D:5)
  2 gnoll shamans (D:4)
  2 worker ants (D:5)
  Ijyb (D:4)
  Natasha (thrice) (D:2)
  A hound zombie (D:5)
  9 adders
  7 gnolls
  An ooze (D:1)
  4 worms
  A dart slug (D:2)
  7 leopard geckos
  6 orcs (D:4)
  6 bats
  4 giant cockroaches
  11 goblins
  9 hobgoblins
  4 jackals (D:4)
  A quokka (D:4)
  3 ball pythons
  7 kobolds
  6 rats
  3 fungi (D:2)
111 creatures vanquished.

Notes
Turn   | Place    | Note
-------+----------+-------------------------------------------
     0 | D:1      | Bergy the Gargoyle Fighter began the quest for the Orb.
     0 | D:1      | Reached XP level 1. HP: 14/14 MP: 1/1
   242 | D:1      | Reached XP level 2. HP: 17/19 MP: 2/2
   377 | D:1      | Reached skill level 3 in Maces & Flails
   566 | D:1      | Reached XP level 3. HP: 23/23 MP: 3/3
   811 | D:2      | Reached skill level 4 in Maces & Flails
   820 | D:2      | Reached XP level 4. HP: 26/28 MP: 4/4
  1016 | D:2      | Found a glowing golden altar of the Shining One.
  1034 | D:2      | Reached skill level 5 in Maces & Flails
  1041 | D:2      | Reached XP level 5. HP: 32/32 MP: 5/5
  1268 | D:2      | Noticed Natasha
  1297 | D:2      | Killed Natasha
  1479 | D:2      | Noticed Natasha
  1491 | D:2      | Killed Natasha
  1573 | D:2      | Found a blossoming altar of Fedhas.
  1654 | D:2      | Noticed Natasha
  1661 | D:2      | Killed Natasha
  1769 | D:2      | Found a runed translucent door.
  1770 | D:2      | Noticed Crazy Yiuf
  1777 | D:2      | Killed Crazy Yiuf
  1777 | D:2      | Reached skill level 6 in Maces & Flails
  1777 | D:2      | Reached XP level 6. HP: 26/37 MP: 6/6
  1891 | D:3      | Found a radiant altar of Vehumet.
  1910 | D:3      | Found a faded altar of an unknown god.
  1920 | D:3      | Found an iron altar of Okawaru.
  2856 | D:4      | Found a staircase to the Ecumenical Temple.
  2867 | D:4      | Noticed Ijyb
  2873 | Temple   | Entered the Ecumenical Temple
  3139 | Temple   | Became a worshipper of Makhleb the Destroyer
  3172 | D:4      | Killed Ijyb
  3189 | D:4      | Reached skill level 7 in Maces & Flails
  3196 | D:4      | Found Modusavu's Gadget Shoppe.
  3255 | D:4      | Reached XP level 7. HP: 30/41 MP: 7/7
  3464 | D:4      | Found a shimmering altar of Xom.
  3521 | D:4      | Found a bloodstained altar of Trog.
  3806 | D:4      | Reached * piety under Makhleb
  4008 | D:4      | Reached skill level 8 in Maces & Flails
  4172 | D:5      | Entered Level 5 of the Dungeon
  4222 | D:5      | HP: 2/41 [gnoll/+0 halberd (6)]
  5047 | D:5      | Found Abbid's Weapon Shoppe.
  5080 | D:5      | Reached skill level 9 in Maces & Flails
  5227 | D:6      | Reached XP level 8. HP: 15/46 MP: 8/8
  5497 | D:6      | Found a hazy altar of Hepliaklqana.
  5497 | D:6      | Noticed Edmund
  5533 | D:5      | Killed Edmund
  5570 | D:6      | Slain by an ogre

Levels and vault maps discovered:
D:1:      lightli_arrival_noodles, layout_loops_ring
D:2:      layout_rooms, nicolae_overflow_hidden_temple, lemuel_crystal_altar,
          first_ration, minmay_tree_intersection, minmay_joined_circles,
          uniq_crazy_yiuf_cottage, uniq_natasha
D:3:      layout_loops_ring, fiery_altar_vehumet, lemuel_round_altar,
          chequers_ecumenical_altar_simple, serial_bayou_ford_a,
          roderic_roman_lattice
D:4:      layout_loops_corners, lemuel_doored_altar,
          minmay_temple_entry_slanted, serial_shops, kennysheep_mini,
          lemuel_tele_altar, uniq_ijyb
D:5:      layout_rooms, serial_shops, shop_fountains
D:6:      layout_basic, old_standard_altar, serial_shops, shop,
          kennysheep_generic_room_14, uniq_edmund
Temple:   nicolae_temple_elliptical

Skill      XL: |  1  2  3  4  5  6  7 |
---------------+----------------------+-----
Maces & Flails | 3 4 5 6 7 9 |  9.7
Fighting       | |  3.2
Armour         | |  3.2
Shields        | |  3.2

Action                   |  1- 3 |  4- 6 |  7- 9 || total
-------------------------+-------+-------+-------++-------
Melee: Flail             |   101 |   238 |   239 ||   578
  Use: Scroll            |       |     3 |     1 ||     4
       Potion            |       |       |     1 ||     1
  Eat: Chunk             |       |     7 |     6 ||    13
       Ration            |       |       |     1 ||     1
Armor: Scale mail        |    57 |    94 |   109 ||   260
Dodge: Dodged            |    30 |    62 |    61 ||   153
Block: Shield            |    46 |   102 |   105 ||   253
